 Dungeon Crawl Stone Soup version 0.31.0-4-g52a2dc7128 (webtiles) character file.

Game seed: 13189570105391976033

61 Azzok the Ruffian (level 4, -1/28 HPs)
             Began as an Octopode Shapeshifter on Jan 21, 2024.
             Slain by Crazy Yiuf
             ... wielding a +2 quarterstaff of chaos
              (12 damage)
             ... on level 2 of the Dungeon.
             The game lasted 00:01:43 (1742 turns).

Azzok the Ruffian (Octopode Shapeshifter)           Turns: 1742, Time: 00:01:43

Health: -1/28      AC:  1    Str: 15    XL:     4   Next: 7%
Magic:  4/4        EV: 13    Int: 12    God:
Gold:   89         SH:  0    Dex: 11    Spells: 3/3 levels left

rFire   . . .        h - +1 flail (drain)
rCold   . . .        (no shield)
rNeg    . . .        (helmet currently unavailable)
rPois   .            (no amulet)
rElec   .            (no ring)
rCorr   .            (no ring)
SInv    .            (no ring)
Will    .....        (no ring)
Stlth   ++           (no ring)
HPRegen 0.24/turn    (no ring)
MPRegen 0.09/turn    (no ring)
                     (no ring)

%: no passive effects
@: beast-form
A: beast (slay +2), almost no armour, amphibious, 8 rings, camouflage 1,
gelatinous body 1, (nimble swimmer 1), tentacles
a: Begin Untransformation


You were on level 2 of the Dungeon.
You were a hulking beast.
You visited 1 branch of the dungeon, and saw 2 of its levels.

You collected 89 gold pieces.

Inventory:

Hand Weapons
 h - a +1 flail of draining (weapon)
Talismans
 b - a beast talisman
 c - a flux talisman
Scrolls
 f - a scroll of enchant armour {unknown}
 g - a scroll of teleportation {unknown}
 i - 2 scrolls of fog {unknown}
Potions
 a - a potion of lignification
 d - 3 potions of curing {unknown}
 e - a potion of ambrosia {unknown}


   Skills:
 - Level 1.0 Fighting
 - Level 2.0 Dodging
 + Level 4.0 Unarmed Combat
 + Level 3.8 Shapeshifting


You had 3 spell levels left.
You didn't know any spells.
Your spell library was empty.

Dungeon Overview and Level Annotations

Branches:
Dungeon (2/15)

Altars:

Shops:
D:1 !

Annotations:
D:2 Crazy Yiuf, Terence


Innate Abilities, Weirdness & Mutations

You are a hulking beast.
Your limbs bulge with bestial killing power. (Slay +2)
You cannot wear most types of armour.
You are amphibious.
You can wear up to eight rings at the same time.
Your skin changes colour to match your surroundings (Stealth+).
Your rubbery body absorbs attacks. (AC +1, EV +1)
((You are camouflaged when in or above water. (Stealth+)))
You have tentacles for arms and can constrict up to eight enemies at once.


Message History

There is an open door here.
There is a stone staircase leading up here.
You open the door.
There is an open door here.
A kobold comes into view. It is wielding a +0 short sword.
A kobold is nearby!
A kobold is nearby!
The kobold barely misses you.
You hit the kobold.
You kill the kobold!
You see here a +0 short sword.
Found a hammer.
Found a runed translucent door.
Crazy Yiuf cries, "You leg down broken song, no?"
You see here a +0 short sword.
A dart slug comes into view.
A dart slug is nearby!
The dart slug launches a dart at you. The slug dart hits you.
You hit the dart slug. You drain the dart slug. You grab the dart slug.
You squeeze the dart slug.
You kill the dart slug!
Your Unarmed Combat skill increases to level 4!
You see here a dart slug corpse.
You see here a dart slug corpse.
Found a pair of boots.
Found a dagger.
You see here a +0 dagger.
You see here a +0 pair of boots.
There is an open door here.
There is a stone staircase leading up here.
There is an open door here.
You see here a +0 short sword.
You open the door.
There is an open translucent door here.
Crazy Yiuf hits you with a +2 quarterstaff of chaos!
Ouch! That really hurt!
You closely miss Crazy Yiuf. Your grab misses Crazy Yiuf.
Crazy Yiuf says, "Peeping spinner Xom!"
Crazy Yiuf hits you with a +2 quarterstaff of chaos!
You die...

·····▒▒·▒
♣····♣ ▒·▒
▒▒▒▒▒▒▒'▒▒
♣···♣♣ ▒·▒ ▒
▒▒···▒▒
♣♣·♣♣ ▒·▒ ▒
▒▒·····▒▒
♣·♣♣ ▒>▒▒▒▒
▒ ▒▒·······▒
♣♣·♣ ▒·▒▒·▒
▒▒▒········▒
♣·♣♣
▒▒▒▒▒▒▒·▒···
··╬········▒
♣♣·♣
▒···········
▒▒▒········▒
▒▒'▒▒
▒▒·▒▒▒▒·▒·[·
▒▒·······▒
▒·h·▒ ▒·▒
▒····▒
▒▒·····▒▒
▒·g·▒ ▒·▒
▒▒▒·▒▒
▒▒·<·▒▒
▒··)▒ ▒·▒
▒·▒ ▒▒'▒▒
▒▒▒▒▒ ▒·▒
▒·▒▒ ▒·▒
▒▒·▒ ▒·▒·
▒▒▒▒▒▒▒·▒
▒▒▒▒··▒ ▒·▒·
········▒▒
▒·▒▒▒▒▒ ▒·[·
·▒▒▒▒▒···▒▒
▒·▒ ▒▒▒·
··········▒
▒·▒ ▒·


You could see Crazy Yiuf.

Vanquished Creatures
  Robin (D:2)
  2 dart slugs
  4 endoplasms
  10 goblins
  5 hobgoblins
  A kobold (D:2)
  4 quokkas
  3 ball pythons
  2 bats
  4 frilled lizards (D:2)
  6 rats
42 creatures vanquished.

Notes
Turn   | Place    | Note
-------+----------+-------------------------------------------
     0 | D:1      | Azzok the Octopode Shapeshifter began the quest for the
                  | Orb.
     0 | D:1      | Reached XP level 1. HP: 13/13 MP: 1/1
   110 | D:1      | Reached XP level 2. HP: 12/18 MP: 2/2
   232 | D:1      | Found a faded altar of an unknown god.
   322 | D:1      | Found Giem's Distillery.
   872 | D:2      | Noticed Terence
   979 | D:2      | Reached XP level 3. HP: 21/23 MP: 3/3
  1347 | D:2      | Noticed Robin
  1368 | D:2      | Killed Robin
  1539 | D:2      | Reached XP level 4. HP: 28/28 MP: 4/4
  1584 | D:2      | Found a runed translucent door.
  1585 | D:2      | Noticed Crazy Yiuf
  1613 | D:2      | Reached skill level 4 in Unarmed Combat
  1742 | D:2      | Slain by Crazy Yiuf

Illustrated notes

Levels and vault maps discovered:
D:1:      dpeg_arrival_simpleton_b, layout_loops_ring,
          ebering_ecumenical_altar_webs, serial_shops,
          nicolae_shop_back_alley_shop, dreamdust_princess_bridge,
          bh_walls_and_bars
D:2:      layout_loops_corners, uniq_crazy_yiuf_cottage, uniq_robin,
          uniq_terence

Skill      XL: |  1  2  3  4 |
---------------+-------------+-----
Unarmed Combat | 4 |  4.0
Fighting       | |  1.0
Dodging        | |  2.0
Shapeshifting  | |  3.8

Action                     |  1- 3 |  4- 6 || total
---------------------------+-------+-------++-------
  Melee: Unarmed           |    19 |       ||    19
         Constrict         |    16 |     1 ||    17
         Punch             |     3 |       ||     3
         Flail             |    46 |     3 ||    49
         Tentacles         |     9 |     1 ||    10
   Stab: Sleeping          |     6 |       ||     6
 Armour: Skin              |    28 |     3 ||    31
  Dodge: Dodged            |    46 |     1 ||    47
